 Dungeon Crawl Stone Soup version 0.14-a0-50-gc6ee670 (webtiles) character file.

521 Kae the Chiller (level 6, -4/32 HPs)
             Began as a Deep Elf Ice Elementalist on Sept 29, 2013.
             Was an Initiate of Vehumet.
             Slain by an orc warrior
             ... wielding a cursed -3,+0 orcish trident
              (7 damage)
             ... on Level 6 of the Dungeon.
             The game lasted 00:08:09 (4365 turns).

Kae the Chiller (Deep Elf Ice Elementalist)         Turns: 4365, Time: 00:08:09

HP  -4/32        AC 12     Str  5      XL: 6   Next: 71%
MP   8/20        EV 17     Int 22      God: Vehumet [......]
Gold 78          SH  0     Dex 15      Spells:  4 memorised,  5 levels left

Res.Fire  : . . .   See Invis. : .   B - +2,+4 quarterstaff (chaos)
Res.Cold  : . . .   Warding    : .   a - +1 elf robe
Life Prot.: . . .   Conserve   : .   (no shield)
Res.Poison: .       Res.Corr.  : .   (no helmet)
Res.Elec. : .       Clarity    : .   u - +2 cloak {MR+}
Sust.Abil.: . .     Spirit.Shd : .   (no gloves)
Res.Mut.  : .       Stasis     : .   (no boots)
Res.Rott. : .       Flight     : .   (no amulet)
Saprovore : . . .                    k - +4 ring of evasion
                                     j - ring of wizardry

@: icy armour, somewhat resistant to hostile enchantments, fairly stealthy
A: no striking features
a: Renounce Religion


You were on level 6 of the Dungeon.
You worshipped Vehumet.
Vehumet was noncommittal.
You were near starving.

You visited 2 branches of the dungeon, and saw 7 of its levels.

You collected 130 gold pieces.
You spent 72 gold pieces at shops.

Inventory:

Hand weapons
 B - a +2,+4 quarterstaff of chaos (weapon)
Armour
 a - a +1 elven robe (worn)
 u - a +2 cloak of magic resistance (worn)
Comestibles
 c - 3 bread rations
 l - 2 pears
 q - 2 meat rations
 D - 13 grapes
 E - 4 sultanas
Scrolls
 d - a scroll of identify
 e - a scroll of teleportation
 o - a scroll of amnesia
 v - a scroll of curse weapon
Jewellery
 f - a +3 ring of evasion
 j - a ring of wizardry (left hand)
 k - a +4 ring of evasion (right hand)
 p - a +1 ring of dexterity
 r - an uncursed ring of hunger
 t - an uncursed ring of positive energy {unknown}
Potions
 h - 2 potions of restore abilities {unknown}
 i - a potion of brilliance {unknown}
 m - 3 potions of curing
 n - a potion of beneficial mutation {unknown}
 s - 2 potions of might {unknown}
 w - a potion of berserk rage {unknown}
 z - a potion of degeneration {unknown}
 A - a potion of paralysis
Books
 b - a book of Frost

   Spells                             Type                      Level
   *Freeze                            Ice                          1
   *Throw Frost                       Conjuration/Ice              2
   *Ozocubu's Armour                  Charms/Ice                   3
   *Throw Icicle                      Conjuration/Ice              4
   Summon Ice Beast                   Ice/Summoning                4
   Condensation Shield                Ice                          4


   Skills:
 - Level 2.4 Dodging
 - Level 2.4 Stealth
 + Level 5.2 Spellcasting
 - Level 1.1 Conjurations
 * Level 7.2 Ice Magic


You had 5 spell levels left.
You knew the following spells:

 Your Spells              Type           Power        Failure   Level  Hunger
a - Freeze                Ice            ####         1%          1    None
b - Throw Frost           Conj/Ice       ###...       1%          2    None
c - Throw Icicle          Conj/Ice       ###.....     8%          4    ####...
d - Ozocubu's Armour      Chrm/Ice       ###.......   3%          3    ##.....


Dungeon Overview and Level Annotations

Branches:
Dungeon (6/27)             Temple (1/1) D:6
    Orc: D:6-11

Altars:
Cheibriados
Elyvilon
Kikubaaqudgha
Makhleb
Nemelex Xobeh
Okawaru
Trog
Vehumet
Yredelemnul
the Shining One

Shops:
D:4 !

Annotations:
D:6 Prince Ribbit


Message History

* * * LOW HITPOINT WARNING * * *
Casting: Freeze
Confirm with . or Enter, or press ? or * to list all spells.
Aiming: Freeze
Press: ? - help, Shift-Dir - straight line, f/p - orc warrior
Aim: an orc warrior, wielding an orcish trident and wearing an orcish plate armour (severely wounded)
You freeze the orc warrior.
The orc warrior is almost dead.
It hits you but does no damage.
Casting: Freeze
Confirm with . or Enter, or press ? or * to list all spells.
Aiming: Freeze
Press: ? - help, Shift-Dir - straight line, f/p - orc warrior
Aim: an orc warrior, wielding an orcish trident and wearing an orcish plate armour (almost dead)
You freeze the orc warrior.
The orc warrior is almost dead.
You are near starving!
It hits you but does no damage.
The orc warrior hits you with an orcish trident!
You die...

#....#.......###............
****#........#####.....{........
*,,.##......##PPP##.............
* ,.........#P...P#.........>...
*,,.........'..>.P#.............
**,.........#P...P#.o...........
*,,.........##PPP##............,
,,..........#####............,,
*,,,...........@oo..>........,,,
***,..........##{........... ,,,
*,................#......,,,,,
*,,.###...........#.....,,,, ,
*, ,* ##........###....,,,,,,,
*,,,* #..........,...,,,,,,,,
*,,,* #####........,,,,,,,,**
*** * ##.......,,,,,****
#......,,,,******


You could see an orc warrior and an orc.

Vanquished Creatures
  A giant goldfish (D:6)
  A two-headed ogre zombie (D:4)
  2 orc priests (D:5)
  Crazy Yiuf (D:4)
  2 orc wizards
  A worker ant (D:4)
  Ijyb (D:5)
  3 adders
  A giant mite (D:2)
  4 worms
  An adder skeleton (D:6)
  A giant gecko (D:4)
  An ooze (D:6)
  6 orcs
  9 bats
  A bat skeleton (D:5)
  A bat zombie (D:5)
  3 giant cockroaches
  10 hobgoblins
  4 jackals (D:3)
  5 kobolds
  2 quokkas
  4 giant newts
  5 goblins
  A goblin skeleton (D:4)
  A rat (D:4)
  A rat skeleton (D:4)
  A fungus (D:4)
74 creatures vanquished.

Vanquished Creatures (others)
  A goblin (D:6)
1 creature vanquished.

Grand Total: 75 creatures vanquished

Notes
Turn   | Place    | Note
--------------------------------------------------------------
     0 | D:1      | Kae, the Deep Elf Ice Elementalist, began the quest for the Orb.
     0 | D:1      | Reached XP level 1. HP: 10/10 MP: 4/4
   311 | D:1      | Reached XP level 2. HP: 15/15 MP: 3/7
   852 | D:2      | Reached skill level 4 in Ice Magic
   885 | D:2      | Reached XP level 3. HP: 19/19 MP: 2/10
  1049 | D:2      | Learned a level 2 spell: Throw Frost
  2162 | D:3      | Found a glowing golden altar of the Shining One.
  2305 | D:3      | Reached XP level 4. HP: 24/24 MP: 11/13
  2391 | D:4      | Learned a level 4 spell: Throw Icicle
  2447 | D:4      | Reached skill level 5 in Ice Magic
  2878 | D:4      | Found Taona's Distillery.
  2882 | D:4      | Bought a potion of mutation for 36 gold pieces
  2882 | D:4      | Bought a potion of curing for 24 gold pieces
  2882 | D:4      | Bought a potion of paralysis for 12 gold pieces
  3211 | D:4      | Reached XP level 5. HP: 28/28 MP: 6/16
  3380 | D:4      | Learned a level 3 spell: Ozocubu's Armour
  3381 | D:4      | Noticed Crazy Yiuf
  3388 | D:4      | Killed Crazy Yiuf
  3388 | D:4      | Reached skill level 6 in Ice Magic
  3461 | D:5      | Entered Level 5 of the Dungeon
  3571 | D:5      | Noticed Ijyb
  3580 | D:5      | Killed Ijyb
  3615 | D:5      | Reached XP level 6. HP: 14/32 MP: 11/20
  4013 | D:6      | Found a staircase to the Ecumenical Temple.
  4047 | Temple   | Entered the Ecumenical Temple
  4074 | Temple   | Became a worshipper of Vehumet
  4161 | D:6      | Reached skill level 5 in Spellcasting
  4161 | D:6      | Reached skill level 7 in Ice Magic
  4316 | D:6      | Noticed Prince Ribbit
  4365 | D:6      | Slain by an orc warrior

Action                   |  1- 3 |  4- 6 || total
-------------------------+-------+-------++-------
Melee: Unarmed           |    14 |    58 ||    72
       Quarterstaff      |       |    17 ||    17
 Cast: Freeze            |    62 |    84 ||   146
       Throw Icicle      |       |     8 ||     8
       Ozocubu's Armour  |       |     2 ||     2
  Use: Scroll            |       |     8 ||     8
       Potion            |       |     2 ||     2
 Stab: Sleeping          |       |     2 ||     2
